 Dungeon Crawl Stone Soup version 0.31.0-11-ge490571c62 (webtiles) character file.

Game seed: 10872229509547173655

580 GravyDonson the Ruffian (level 7, 0/59 HPs)
             Began as a Ghoul Monk on Feb 2, 2024.
             Shot with an arrow by a centaur (7 damage)
             ... on level 6 of the Dungeon.
             The game lasted 00:26:04 (1813 turns).

GravyDonson the Ruffian (Ghoul Monk)                Turns: 1813, Time: 00:26:05

Health: 0/59       AC: 12    Str: 15    XL:     7   Next: 36%
Magic:  7/7        EV:  8    Int:  9    God:
Gold:   173        SH:  5    Dex: 13    Spells: 6/6 levels left

rFire   + .          .
                       - Unarmed
rCold   + . .        (no shield)
rNeg    + + +        s - +0 chain mail
rPois   ∞            m - +0 hat
rElec   .            (no cloak)
rCorr   .            (no gloves)
SInv    .            (no boots)
Will    .....        p - amulet of reflection Stlth
                     d - ring of protection from fire
HPRegen 0.00/turn    k - +4 ring of protection
MPRegen 0.10/turn

%: reflection
@: inhibited regen
A: claws 1, cold resistance 1, negative energy resistance 3, inhibited
regeneration, torment resistance 2, devour on kill
a: no special abilities


You were on level 6 of the Dungeon.
You visited 1 branch of the dungeon, and saw 5 of its levels.

You collected 173 gold pieces.

Inventory:

Hand Weapons
 e - a +0 short sword
 g - a +1 falchion
 h - a +0 war axe
Missiles
 n - 16 stones (quivered)
Armour
 a - a +0 robe
 c - an orb of light
 j - the +4 robe of Feasting {Str+5}
   (You found it on level 2 of the Dungeon)

   Str+5:     It affects your strength (+5).
 m - a +0 hat (worn)
 s - a +0 chain mail (worn)
Jewellery
 d - a ring of protection from fire (left claw)
 k - a +4 ring of protection (right claw)
 p - an amulet of reflection (around neck)
 r - an amulet of faith
Wands
 o - a wand of digging (2)
Potions
 i - a potion of heal wounds {unknown}


   Skills:
 + Level 4.1 Fighting
 + Level 1.1 Armour
 + Level 4.4 Dodging
 + Level 1.3 Stealth
 + Level 1.1 Shields
 + Level 6.9 Unarmed Combat


You had 6 spell levels left.
You didn't know any spells.
Your spell library contained the following spells:

 Spells                   Type           Power      Damage    Failure   Level
 Shock                    Conj/Air       0%         1d3       99%         1
 Swiftness                Air            0%         N/A       100%        3
 Airstrike                Air            0%         2d(0-16)  100%        4
 Animate Armour           Summ/Erth      0%         N/A       100%        4
 Summon Lightning Spire   Summ/Air       0%         N/A       100%        4
 Lee's Rapid Deconstruct  Erth           0%         3d4*      100%        5


Dungeon Overview and Level Annotations

Branches:
Dungeon (6/15)
 Temple: D:4-7

Altars:
Gozag


Innate Abilities, Weirdness & Mutations

You are immune to poison.
You have sharp fingernails.
Your flesh is cold resistant. (rC+)
You are immune to negative energy. (rN+++)
You do not regenerate when monsters are visible.
You are immune to unholy pain and torment.
You thrive by killing the living.


Message History

Prince Ribbit is severely wounded.
Prince Ribbit hits you but does no damage.
You claw Prince Ribbit!
You kill Prince Ribbit!
You feel better.
Prince Ribbit returns to his original shape as he dies.
Your Armour skill increases to level 1!
Your Shields skill increases to level 1!
You see here the human corpse of Prince Ribbit.
Found a stone staircase leading up.
Found 5 stones.
A centaur and an orc priest come into view.
The centaur shouts!
The orc priest shouts!
You hear a shout!
The centaur wields a +0 shortbow.
The centaur shoots an arrow.
The arrow hits you but does no damage.
An orc priest comes into view. It is wielding a +0 hand axe.
An orc warrior comes into view. It is wielding a +0 mace.
The centaur shoots an arrow.
The arrow hits you.
The orc priest shouts!
Found a stone staircase leading up.
You open the door.
The orc priest looks braver for a moment.
There is an open door here.
The orc priest looks satisfied for a moment.
The orc priest hits you with a +0 hand axe.
The centaur unwields a +0 shortbow.
You block the centaur's attack.
The centaur kicks you but does no damage.
The centaur hits you but does no damage.
The centaur kicks you but does no damage.
The orc priest looks braver for a moment.
An iguana comes into view.
The centaur wields a +0 shortbow.
The centaur shoots an arrow.
The arrow hits you!
The orc priest invokes the aid of Beogh against you.
Beogh smites you!
* * * LOW HITPOINT WARNING * * *
The iguana moves out of view.
The centaur shoots an arrow.
The arrow closely misses you.
The centaur shoots an arrow.
The arrow hits you!
You die...

...............#
####.#.......#.#.#######
..........<.............
####.#.#####.#........#
#..#.#.....# #........
#.......#..# #.....l.
##...#.....# #<....#+#
#####..#.## #.....#.# #......
#..@..#.###
#.##...##....#....# #.#
##.......#....+ ######.#
###..#.......# .....#..
.......co#'#.#
.....#######..####o#.#... #
.......S.#...........# ##. ...
......##.#.####.#.#######.....
......##F# ##.#.....ocoo....


You could see an orc warrior, a centaur, an iguana and an orc priest.

Vanquished Creatures
  Prince Ribbit (D:6)
  A phantom (D:5)
  A centaur (D:6)
  A howler monkey (D:5)
  3 hounds
  An iguana (D:5)
  An orc wizard (D:5)
  7 adders
  2 ufetubi (D:5)
  A ribbon worm (D:3)
  2 dart slugs (D:5)
  6 orcs
  2 endoplasms
  5 goblins
  4 hobgoblins
  4 bats
  5 frilled lizards
  3 kobolds
  A rat (D:1)
51 creatures vanquished.

Notes
Turn   | Place    | Note
-------+----------+-------------------------------------------
     0 | D:1      | GravyDonson the Ghoul Monk began the quest for the Orb.
     0 | D:1      | Reached XP level 1. HP: 19/19 MP: 1/1
   328 | D:2      | Reached XP level 2. HP: 26/26 MP: 2/2
   412 | D:2      | Reached XP level 3. HP: 30/33 MP: 3/3
   506 | D:2      | Identified the +4 robe of Feasting {Str+5}
   624 | D:3      | Reached skill level 4 in Unarmed Combat
   694 | D:3      | Found an opulent altar of Gozag.
   821 | D:3      | You fall into a shaft and drop 2 floors!
   821 | D:5      | Entered Level 5 of the Dungeon
   855 | D:5      | Reached XP level 4. HP: 3/40 MP: 4/4
  1224 | D:5      | Reached XP level 5. HP: 46/46 MP: 5/5
  1276 | D:5      | Reached skill level 5 in Unarmed Combat
  1294 | D:5      | Noticed a phantom
  1313 | D:5      | Killed a phantom
  1314 | D:5      | Reached skill level 1 in Stealth
  1314 | D:5      | Reached XP level 6. HP: 43/52 MP: 6/6
  1419 | D:5      | Reached skill level 6 in Unarmed Combat
  1725 | D:6      | Noticed Prince Ribbit
  1776 | D:6      | Reached XP level 7. HP: 38/59 MP: 7/7
  1782 | D:6      | Killed Prince Ribbit
  1783 | D:6      | Reached skill level 1 in Armour
  1783 | D:6      | Reached skill level 1 in Shields
  1813 | D:6      | Shot with an arrow by a centaur

Illustrated notes

Levels and vault maps discovered:
D:1:      scummos_arrival_hexagon, layout_loops_cross
D:2:      layout_basic, nicolae_kite_square_tiling_tiny, kennysheep_cross_room,
          minmay_misc_feat_secret_circle, corexii_leaking_fountain
D:3:      layout_rooms, grunt_gozag_breadcrumbs, uniq_ijyb
D:5:      layout_loops_ring, uniq_menkaure
D:6:      layout_basic, elyvilon_altar_1, mainiacjoe_overflow_divided_tiny,
          uniq_prince_ribbit1

Skill      XL: |  1  2  3  4  5  6  7 |
---------------+----------------------+-----
Dodging        | 3 4 |  4.4
Unarmed Combat | 4 5 6 |  6.9
Fighting       | 4 |  4.1
Stealth        | 1 |  1.3
Armour         | 1 |  1.1
Shields        | 1 |  1.1

Action                     |  1- 3 |  4- 6 |  7- 9 || total
---------------------------+-------+-------+-------++-------
  Melee: Unarmed           |    65 |    95 |     4 ||   164
         Punch             |       |     2 |     1 ||     3
    Use: Scroll            |     4 |     2 |       ||     6
         Potion            |     3 |     2 |       ||     5
 Armour: Robe              |    60 |    18 |       ||    78
         Skin              |     7 |       |       ||     7
         Chain mail        |       |    48 |    11 ||    59
  Dodge: Dodged            |    67 |    56 |     1 ||   124
  Block: Other             |     1 |    23 |     1 ||    25
         Reflection        |       |     3 |       ||     3
